 Seeded DCSS version 0.29-a0-982-gaed3a0c8d8 (webtiles) character file.

Game seed: 15447767800964622143 (custom seed)

79 wilfster70 the Covered (level 4, -2/41 HPs)
             Began as a Minotaur Fighter on Aug 1, 2022.
             Splashed by a jelly's acid (7 damage)
             ... on level 6 of the Dungeon.
             The game lasted 00:04:25 (1644 turns).

wilfster70 the Covered (Minotaur Fighter)           Turns: 1644, Time: 00:04:26

Health: -2/41      AC:  1    Str: 21    XL:     4   Next: 16%
Magic:  3/3        EV:  7    Int:  7    God:
Gold:   85         SH:  4    Dex:  9    Spells: 3/3 levels left

rFire   + + .      SeeInvis .   a - +0 war axe
rCold   . . .      Faith    .   c - +0 buckler
rNeg    . . .      Spirit   .   l - +0 chain mail
rPois   .          Reflect  .   (helmet restricted)
rElec   .          Harm     .   (no cloak)
rCorr   .          Rampage  .   (no gloves)
Will    +....                   (no boots)
Stlth   ..........              (no amulet)
HPRegen 0.13/turn               b - ring of willpower
MPRegen 0.08/turn               o - ring of Ashenzari, Protecting {rF++ AC+4}

@: corroded
A: horns 2, retaliatory headbutt
a: no special abilities


You were on level 6 of the Dungeon.
You visited 1 branch of the dungeon, and saw 4 of its levels.

You collected 85 gold pieces.

Inventory:

Hand Weapons
 a - a +0 war axe (weapon)
Armour
 c - a +0 buckler (worn)
 l - a +0 chain mail (worn)
 q - a +2 cloak
Jewellery
 b - a ring of willpower (left hand)
 o - the ring of Ashenzari, Protecting (right hand) {rF++ AC+4}
   (You acquired it on level 2 of the Dungeon)

   [ring of protection]

   AC:        It affects your AC (+4).
   rF:        It greatly protects you from fire.
Scrolls
 h - 2 scrolls of teleportation
 n - a scroll of summoning
 s - a scroll of identify {unknown}
Potions
 d - a potion of might
 e - 2 potions of haste {unknown}
 f - a potion of cancellation {unknown}
 g - a potion of flight {unknown}
 i - a potion of magic {unknown}
 j - a potion of heal wounds {unknown}
 k - 3 potions of lignification {unknown}
 m - a potion of curing {unknown}
 p - a potion of mutation {unknown}
 r - a potion of degeneration {unknown}


   Skills:
 + Level 4.3 Fighting
 * Level 4.2 Axes
 + Level 4.3 Armour
 - Level 3.6 Shields


You had 3 spell levels left.
You didn't know any spells.
Your spell library contained the following spells:

 Spells                   Type           Power      Damage    Failure   Level
 Static Discharge         Conj/Air       0%         3-3/arc   100%        2
 Dispel Undead            Necr           0%         3d6       100%        4
 Sticky Flame             Conj/Fire      0%         2d3       100%        4


Dungeon Overview and Level Annotations

Branches:
Dungeon (3/15)

Altars:


Innate Abilities, Weirdness & Mutations

You have a pair of horns on your head.
You reflexively headbutt those who attack you in melee.


Message History

A sourceless malevolence fills the Dungeon...
You fall into a shaft and drop 3 floors!
The shaft crumbles and collapses.
You open the door.
There is an open door here.
Found 6 poisoned darts.
You see here 6 poisoned darts.
Found a scroll of torment.
Found 5 stones.
You see here 5 stones.
An ufetubus comes into view.
The ufetubus barely misses you. The ufetubus hits you.
You closely miss the ufetubus. Your headbutt misses the ufetubus.
The ufetubus hits you but does no damage.
You block the ufetubus's attack. The ufetubus closely misses you.
The ufetubus hits you but does no damage.
You hit the ufetubus.
The ufetubus is moderately wounded.
The ufetubus hits you but does no damage. x2
You slash the ufetubus!
You kill the ufetubus!
HP restored.
A jelly comes into view.
The jelly quivers.
The jelly hits you but does no damage.
You hit the jelly. The acid corrodes you!
Your hands burn!
The jelly is lightly wounded.
You block the jelly's attack. The jelly hits you.
You are splashed with acid!
You slash the jelly!
Your hands burn!
The jelly is severely wounded.
The jelly hits you.
You are splashed with acid!
* * * LOW HITPOINT WARNING * * *
You hit the jelly. The acid corrodes you!
Your hands burn!
* * * LOW HITPOINT WARNING * * *
You headbutt the jelly.
The jelly is almost dead.
The jelly hits you.
* * * LOW HITPOINT WARNING * * *
The acid corrodes you!
You are splashed with acid!
You die...

#.# #.# ##.##
##...## .....#
...#
########.#######
......J@........
########.#######
#.# #.# #.# #.#
#.# #.# #.#


You could see a jelly.

Vanquished Creatures
  An adder (D:2)
  An ufetubus (D:6)
  2 worms
  2 dart slugs
  7 orcs (D:3)
  3 ball pythons
  4 bats
  9 endoplasms
  2 giant cockroaches (D:1)
  A goblin (D:1)
  2 hobgoblins (D:1)
  A quokka (D:1)
  A frilled lizard (D:2)
  3 kobolds
  6 rats
45 creatures vanquished.

Vanquished Creatures (collateral kills)
  A bat (D:2)
1 creature vanquished.

Grand Total: 46 creatures vanquished

Notes
Turn   | Place    | Note
-------+----------+-------------------------------------------
     0 | D:1      | wilfster70 the Minotaur Fighter began the quest for the
                  | Orb.
     0 | D:1      | Reached XP level 1. HP: 19/19 MP: 0/0
   125 | D:1      | Reached XP level 2. HP: 27/27 MP: 1/1
   578 | D:1      | Found a faded altar of an unknown god.
   872 | D:2      | Reached XP level 3. HP: 29/33 MP: 2/2
  1268 | D:2      | Identified a scroll of acquirement
  1268 | D:2      | Acquired the ring of Ashenzari, Protecting {rF++ AC+4}
  1411 | D:3      | Reached XP level 4. HP: 39/40 MP: 3/3
  1556 | D:3      | You fall into a shaft and drop 3 floors!
  1644 | D:6      | Splashed by a jelly's acid

Illustrated notes

Levels and vault maps discovered:
D:1:      dpeg_arrival_leaves_temple_mockup, layout_rooms,
          hellmonk_ecumenical_altar_crossroads
D:2:      layout_basic, minmay_tetromino_s2
D:3:      layout_loops_cross, portal_sewer_entry_e
D:6:      layout_loops_corners, minmay_temple_entry_overgrown, uniq_pikel

Skill      XL: |  1  2  3 |
---------------+----------+-----
Axes           | 3 4 |  4.2
Fighting       | 4 |  4.3
Armour         | 4 |  4.3
Shields        | |  3.6

Action                   |  1- 3 |  4- 6 || total
-------------------------+-------+-------++-------
Melee: War axe           |    80 |    12 ||    92
       Headbutt          |     9 |     3 ||    12
  Use: Scroll            |     4 |       ||     4
Armor: Scale mail        |     3 |       ||     3
       Chain mail        |    36 |     7 ||    43
Dodge: Dodged            |    30 |     3 ||    33
Block: Buckler           |    13 |     2 ||    15

Table legend: (Time is in decaauts)
 A = Elapsed time spent in this place.
 B = Non-inter-level travel time spent in this place.
 C = Inter-level travel time spent in this place.
 D = Time resting spent in this place.
 E = Time spent auto-exploring this place.
 F = Levels seen in this place.
 G = Mean time per level.
                   A        B        C        D        E       F      G
               +--------+--------+--------+--------+--------+-----+--------+
         Total |   1675 |   1625 |     50 |      0 |    795 |   4 |  418.8 |
       Dungeon |   1675 |   1625 |     50 |      0 |    795 |   4 |  418.8 |
               +--------+--------+--------+--------+--------+-----+--------+

Top non-repeatable levels by time:
     D:1: 762 daAuts
     D:2: 544 daAuts
     D:3: 278 daAuts
     D:6: 89 daAuts
